 Dungeon Crawl Stone Soup version 0.30.0-5-g1a98f26d00 (webtiles) character file.

Game seed: 14134576595974050326

57498 Jackthecabe the Demonic Cataclysm (level 14, 0/115 HPs)
             Began as a Demonspawn Hexslinger on May 9, 2023.
             Was a High Priest of Qazlal.
             Slain by an orc high priest
             ... wielding a +3 war axe
              (15 damage)
             ... on level 1 of the Orcish Mines on May 10, 2023.
             The game lasted 01:03:08 (25731 turns).

Jackthecabe the Demonic Cataclysm (DsHs)           Turns: 25731, Time: 01:03:08

Health: 0/115      AC:  1    Str: 11    XL:     14   Next: 46%
Magic:  12/26      EV: 17    Int: 16    God:    Qazlal [*****.]
Gold:   1418       SH: 11    Dex: 20    Spells: 11/18 levels left

rFire   + . .        b - +3 dagger (venom)
rCold   + . .        (no shield)
rNeg    . . .        j - +0 leather armour of Labb {rElec Dex+3}
rPois   .            (helmet restricted)
rElec   +            O - +2 cloak
rCorr   .            u - +0 pair of gloves
SInv    .            W - +2 pair of boots
Will    +....        y - amulet of reflection
Stlth   +            F - ring of protection from fire
HPRegen 0.39/turn    E - +5 ring of evasion
MPRegen 0.20/turn

%: repel missiles, reflection
@: protected from physical damage, corroded
A: antennae 1, icy blue scales 3, spiny 2, demonic magic 1
a: Renounce Religion, Upheaval, Elemental Force, Disaster Area


You were on level 1 of the Orcish Mines.
You worshipped Qazlal.
Qazlal was extremely pleased with you.
You visited 4 branches of the dungeon, and saw 20 of its levels.
You also visited: Sewer.

You collected 1515 gold pieces.
You spent 97 gold pieces at shops.


Innate Abilities, Weirdness & Mutations

You have a pair of small antennae on your head.
You are completely covered in icy blue scales. (AC +4, rC+)
You are mostly covered in sharp spines.
Spells you cast may paralyse adjacent enemies.


   Skills:
 - Level 12.0 Fighting
 + Level 13.7 Ranged Weapons
 - Level 1.7 Dodging
 + Level 2.5 Spellcasting
 + Level 6.6 Hexes
 - Level 6.0 Translocations
 - Level 6.0 Fire Magic
 - Level 17.0 Invocations
 - Level 2.0 Evocations


You had 11 spell levels left.
You knew the following spells:

 Your Spells              Type           Power      Damage    Failure   Level
f - Inner Flame           Hex/Fire       22%        N/A       6%          3
o - Portal Projectile     Hex/Tloc       44%        N/A       6%          3
s - Slow                  Hex            92%        N/A       1%          1

Your spell library contained the following spells:

 Spells                   Type           Power      Damage    Failure   Level
 Gell's Gravitas          Tloc           21%        N/A       7%          3
 Teleport Other           Tloc           21%        N/A       7%          3
 Cause Fear               Hex            11%        N/A       17%         4
 Vhi's Electric Charge    Tloc/Air       22%        N/A       22%         3
 Yara's Violent Unravell  Hex/Tmut       6%         3d5       88%         5
 Animate Dead             Necr           2%         N/A       95%         4
 Dispersal                Tloc           10%        N/A       98%         6
 Arcjolt                  Conj/Air       1%         1d11      100%        5
 Borgnjor's Vile Clutch   Necr/Erth      1%         N/A       100%        5
 Death Channel            Necr           1%         N/A       100%        6
 Plasma Beam              Fire/Air       5%         2x1d17    100%        6
 Enfeeble                 Hex            11%        N/A       100%        7

Inventory:

Hand Weapons
 a - a +1 heavy shortbow
 b - a +3 dagger of venom (weapon)
 T - the +5 scimitar "Arbiter" {flame, rPois}
   (You found it on level 10 of the Dungeon)

   rPois:     It protects you from poison.
Missiles
 g - 57 poisoned darts
 K - 2 throwing nets {=f}
Armour
 j - the +0 leather armour of Labb (worn) {rElec Dex+3}
   (You found it on level 2 of the Dungeon)

   Dex:       It affects your dexterity (+3).
   rElec:     It insulates you from electricity.
 u - a +0 pair of gloves (worn)
 O - a +2 cloak (worn)
 Q - a +0 troll leather armour
 W - a +2 pair of boots (worn)
Magical Staves
 h - a staff of conjuration {!a}
 L - a staff of fire {!a}
Jewellery
 f - a ring of fire
 y - an amulet of reflection (around neck)
 E - a +5 ring of evasion (right hand)
 F - a ring of protection from fire (left hand)
 M - a ring of magical power
 X - an amulet of the acrobat
 Z - a ring of wizardry
Wands
 c - a wand of charming (6)
 H - a wand of polymorph (6)
 J - a wand of iceblast (2)
 N - a wand of mindburst (19)
 U - a wand of acid (4)
Scrolls
 i - 23 scrolls of identify {@r1}
 k - 2 scrolls of vulnerability {unknown}
 l - 8 scrolls of teleportation {unknown}
 n - 6 scrolls of poison
 o - 4 scrolls of fog {unknown}
 t - 6 scrolls of amnesia {unknown}
 w - 7 scrolls of fear {unknown}
 B - 3 scrolls of magic mapping {unknown}
 C - 3 scrolls of brand weapon {unknown}
 D - 2 scrolls of butterflies {unknown}
 G - 2 scrolls of immolation
 I - a scroll of enchant weapon {unknown}
 P - a scroll of blinking {unknown}
 R - 4 scrolls of torment {unknown}
 Y - a scroll of noise {unknown}
Potions
 d - 2 potions of might {unknown}
 e - 8 potions of heal wounds {unknown}
 m - 14 potions of curing {unknown}
 p - 3 potions of mutation {unknown}
 q - a potion of berserk rage {unknown}
 r - 4 potions of cancellation {unknown}
 s - 3 potions of degeneration {unknown}
 v - a potion of magic {unknown}
 x - 3 potions of brilliance {unknown}
 A - 4 potions of flight {unknown}
 S - 4 potions of invisibility {unknown}
 V - a potion of resistance {unknown}

Dungeon Overview and Level Annotations

Branches:
Dungeon (12/15)            Temple (1/1) D:5            Lair (5/5) D:8
 Shoals (0/4) Lair:3       Spider (0/4) Lair:2        Slime (0/5) Lair:5
    Orc (2/2) D:12            Elf (0/3) Orc:2         Sewer (visited)

Altars:
Ashenzari
Cheibriados
Dithmenos
Fedhas
Gozag
Hepliaklqana
Kikubaaqudgha
Makhleb
Nemelex Xobeh
Okawaru
Qazlal
Ru
Sif Muna
Trog
Uskayaw
Vehumet
Wu Jian
Xom
Yredelemnul

Shops:
D:5 *(=   D:7 *   D:8 *   Orc:1 ?[(

Annotations:
D:4 2 transporters, suduhmizer's ghost, amateur GnDe
D:8 exclusion: door
Lair:1 2 transporters
Lair:5 2 runed translucent doors

### ##.## #...# ###
##≈≈### ##.## ###
###.≈.≈.###...#
##.###.#.≈°≈.≈#...###
#....#§.oT§.§.....#.##
##§..§§o@.§.§§§..#...#
##.§§§.o.§......##.##
#§..§.○#.○.§.....#..##
###..§§..###.§≈........#
#.#.§§§..####.≈.......##
#...§§...##.......#####
#####....§............#
##.#.##.#§.............#
#...#######.....)[.<.###


You could see an orc high priest, a troll and 2 orc warriors.


Message History

* * * LOW HITPOINT WARNING * * *
The orc warrior hits you with a +0 scimitar!
* * * LOW HITPOINT WARNING * * *
The orc priest is struck by your spines.
You kill the orc priest!
Qazlal accepts your kill. You block the orc warrior's attack.
The orc high priest mumbles some strange prayers to Beogh against you.
Beogh smites you!
* * * LOW HITPOINT WARNING * * *
The chaos spawn is struck by your spines.
The chaos spawn hits you!
* * * LOW HITPOINT WARNING * * *
You are engulfed in flames.
You resist.
* * * LOW HITPOINT WARNING * * *
The rust devil misses you.
You climb upwards.
The rust devil disappears in a puff of smoke!
The chaos spawn degenerates into a cloud of primal chaos!
The ynoxinul disappears in a puff of smoke!
The ufetubus disappears in a puff of smoke! x2
There is a stone staircase leading down here.
Unknown command.
Use which ability? (? or * to list) Activating: Disaster Area (0% risk of failure)
Press: ? - help, Dir - look around, f - activate Nature churns violently around you!
You block the orc warrior's attack.
The orc high priest hits you with a +3 war axe!
You die...

Skill      XL: |  1  2  3  4  5  6  7  8  9 10 11 12 13 14 |
---------------+-------------------------------------------+-----
Ranged Weapons | 2 3 4 5 6 8 10 12 13 | 13.7
Fighting       | 2 3 4 6 8 9 12 | 12.0
Evocations     | 2 |  2.0
Invocations    | 7 11 15 17 | 17.0
Fire Magic     | 4 6 |  6.0
Hexes          | 4 6 |  6.6
Translocations | 2 6 |  6.0
Spellcasting   | 2 |  2.5
Dodging        | |  1.7

Action                     |  1- 3 |  4- 6 |  7- 9 | 10-12 | 13-15 || total
---------------------------+-------+-------+-------+-------+-------++-------
  Melee: Dagger            |       |    17 |    92 |    58 |    19 ||   186
         Punch             |       |       |     1 |     1 |     2 ||     4
         Sling             |       |       |     1 |       |       ||     1
   Fire: Sling             |   160 |   255 |   413 |   166 |       ||   994
         Shortbow          |       |       |       |   351 |   426 ||   777
  Throw: Throwing net      |     1 |     1 |     1 |     2 |       ||     5
         Dart              |       |       |       |     1 |       ||     1
   Cast: Slow              |     5 |    10 |    23 |     5 |       ||    43
         Inner Flame       |       |       |     4 |    24 |    28 ||    56
         Portal Projectile |       |       |       |       |     1 ||     1
 Invoke: Upheaval          |       |       |       |     6 |    10 ||    16
         Disaster Area     |       |       |       |       |     1 ||     1
  Evoke: Wand              |       |       |    10 |     9 |     4 ||    23
   Stab: Paralysed         |       |     4 |     6 |       |       ||    10
         Held in net/web   |       |     2 |       |       |       ||     2
 Armour: Robe              |     6 |       |       |       |       ||     6
         Skin              |       |    14 |       |       |       ||    14
         Leather armour    |       |     3 |    71 |    83 |    63 ||   220
  Dodge: Dodged            |    62 |    66 |   153 |   195 |   138 ||   614
         Repelled          |       |       |       |     1 |    10 ||    11
  Block: Other             |       |     9 |    90 |   189 |   128 ||   416
         Reflection        |       |       |     2 |    17 |     5 ||    24

Levels and vault maps discovered:
D:1:      minmay_arrival_open_corners, layout_rooms
D:2:      layout_basic, serial_park_tiny_pond
D:3:      layout_loops_ring, shapermc_ecumenical_altar_rom_forum, uniq_robin
D:4:      layout_gridville, kiku_gazebo_garden_becter, gammafunk_ghost_arena,
          gup_sewer_entry_spiral
D:5:      lemuel_ice_spiral_2, layout_basic, minmay_temple_entry_crystal_x,
          nicolae_shop_distant_corner_stores
D:6:      layout_basic
D:7:      layout_basic, nicolae_shop_clearance, uniq_maggie, uniq_duvessa
D:8:      layout_basic, dpeg_oklobed_lair, serial_shops, shop, serial_ice,
          serial_ice_e, serial_ice_d, serial_ice_k, serial_ice_n, serial_ice_a,
          serial_ice_m
D:9:      layout_cave_pods, nicolae_overflow_hallway_of_the_gods,
          palyth_stone_intersect
D:10:     layout_cave_pools, uniq_nergalle
D:11:     layout_rooms
D:12:     layout_loops_ring, kennysheep_orc_monster_closet_entryway,
          minmay_misc_feat_diagonals, uniq_lodul
Temple:   nicolae_temple_no_exploring_needed
Lair:1:   gammafunk_cloud_chamber, layout_regular_city
Lair:2:   lemuel_reptile_caves, layout_small_grid, spider_nest_entry_rubble,
          infiniplex_staircase_pool, grunt_megastairs_3
Lair:3:   layout_cave_pods, minmay_shoals_entry_lonely_mermaid, st_stairs_9,
          serial_bayou_ford_a, pond
Lair:4:   layout_roguey
Lair:5:   cheibrodos_lair_end_hotspot, layout_gridlike,
          minmay_slime_entry_oklob_open
Orc:1:    layout_diamond_mine, serial_shops, nicolae_shop_overgrown_old_shop,
          shop, nicolae_shop_bloodbath_and_beyond, basic_altar
Orc:2:    st_orc_congregation, layout_caves, uniq_jorgrun

Notes
Turn   | Place    | Note
-------+----------+-------------------------------------------
     0 | D:1      | Jackthecabe the Demonspawn Hexslinger began the quest for
                  | the Orb.
     0 | D:1      | Reached XP level 1. HP: 15/15 MP: 2/2
    46 | D:1      | Reached skill level 2 in Ranged Weapons
   209 | D:2      | Gained mutation: Spells you cast may paralyse adjacent
                  | enemies. [demonic ancestry]
   209 | D:2      | Reached XP level 2. HP: 21/21 MP: 3/3
   438 | D:2      | Identified the +0 leather armour of Labb {rElec Dex+3}
   641 | D:2      | Reached skill level 3 in Ranged Weapons
   730 | D:2      | Gained mutation: You are partially covered in sharp spines.
                  | [demonic ancestry]
   730 | D:2      | Reached XP level 3. HP: 26/26 MP: 4/4
  1120 | D:1      | Reached skill level 2 in Fighting
  1574 | D:2      | Gained mutation: You are partially covered in icy blue
                  | scales. (AC +2) [demonic ancestry]
  1574 | D:2      | Reached XP level 4. HP: 33/33 MP: 5/5
  2226 | D:3      | Reached skill level 3 in Fighting
  2226 | D:3      | Gained mutation: You are mostly covered in icy blue scales.
                  | (AC +3) [demonic ancestry]
  2226 | D:3      | Reached XP level 5. HP: 41/41 MP: 6/6
  2243 | D:3      | Noticed Robin
  2351 | D:3      | Reached skill level 4 in Ranged Weapons
  2906 | D:3      | Killed Robin
  2980 | D:3      | Found a faded altar of an unknown god.
  3395 | D:4      | Found a glowing drain.
  3399 | Sewer    | Entered a sewer
  3455 | Sewer    | Reached XP level 6. HP: 48/48 MP: 7/7
  3572 | Sewer    | Reached skill level 4 in Fighting
  4197 | D:4      | Reached skill level 5 in Ranged Weapons
  4364 | D:4      | Found an ancient bone altar of Kikubaaqudgha.
  4407 | D:4      | Found a transporter.
  4412 | D:4      | Noticed suduhmizer's ghost (amateur GnDe)
  4582 | D:4      | Found a transporter.
  4873 | D:4      | Reached XP level 7. HP: 55/55 MP: 5/8
  4944 | D:5      | Entered Level 5 of the Dungeon
  5127 | D:5      | Found Juablowk's Jewellery Boutique.
  5127 | D:5      | Found Fenih's Antique Weapon Boutique.
  5127 | D:5      | Found Lud Qekk's General Store.
  5127 | D:5      | You fall into a shaft and drop 1 floor!
  5165 | D:6      | Reached skill level 5 in Fighting
  5341 | D:5      | Found a staircase to the Ecumenical Temple.
  5385 | D:5      | Bought a scroll of immolation for 48 gold pieces
  5517 | Temple   | Entered the Ecumenical Temple
  5524 | Temple   | Became a worshipper of Qazlal Stormbringer
  5716 | D:6      | Reached skill level 6 in Ranged Weapons
  5839 | D:6      | Reached skill level 6 in Fighting
  5888 | D:6      | Found the +7 mace of Variability {chaos, chaos arc}
  6348 | D:5      | Gained mutation: You have a pair of small antennae on your
                  | head. [demonic ancestry]
  6348 | D:5      | Reached XP level 8. HP: 49/65 MP: 5/9
  6454 | D:5      | Reached skill level 7 in Fighting
  6917 | D:5      | Reached skill level 1 in Evocations
  6980 | D:5      | Reached skill level 1 in Invocations
  8231 | D:7      | Reached skill level 2 in Invocations
  8231 | D:7      | Reached skill level 2 in Evocations
  8988 | D:7      | Reached skill level 8 in Fighting
  9190 | D:7      | Found Buer's CLEARANCE SALE!.
  9195 | D:7      | Bought a scroll of identify for 6 gold pieces
  9195 | D:7      | Bought a wand of iceblast (6) for 43 gold pieces
  9215 | D:7      | Reached skill level 3 in Invocations
  9316 | D:7      | Noticed Maggie
  9319 | D:7      | Reached skill level 4 in Invocations
  9323 | D:7      | Your ally Maggie died
  9371 | D:6      | Reached skill level 5 in Invocations
 10063 | D:8      | Found Jyolewk's General Store.
 10094 | D:7      | Reached * piety under Qazlal
 10157 | D:8      | Found a staircase to the Lair.
 10337 | D:8      | Reached skill level 6 in Invocations
 10611 | D:8      | Reached skill level 7 in Invocations
 10611 | D:8      | Gained mutation: You are mostly covered in sharp spines.
                  | [demonic ancestry]
 10611 | D:8      | Reached XP level 9. HP: 12/74 MP: 12/14
 10879 | D:8      | Reached skill level 8 in Invocations
 11289 | D:8      | Reached skill level 9 in Invocations
 11430 | D:8      | Learned a level 3 spell: Inner Flame
 11475 | D:8      | Reached ** piety under Qazlal
 11597 | D:8      | Reached skill level 1 in Fire Magic
 11768 | D:8      | Reached skill level 10 in Invocations
 11848 | D:8      | Reached skill level 4 in Hexes
 11848 | D:8      | Reached skill level 2 in Fire Magic
 11967 | D:8      | Reached skill level 3 in Fire Magic
 11998 | D:8      | Reached skill level 4 in Fire Magic
 11998 | D:8      | Reached skill level 11 in Invocations
 11998 | D:8      | Reached XP level 10. HP: 52/80 MP: 4/18
 12796 | D:7      | Noticed Duvessa
 12802 | D:7      | Noticed Dowan
 12808 | D:7      | Killed Duvessa
 12809 | D:7      | Reached skill level 12 in Invocations
 12818 | D:7      | Killed Dowan
 13267 | D:9      | Reached skill level 13 in Invocations
 13399 | D:9      | Reached *** piety under Qazlal
 13400 | D:9      | Reached skill level 14 in Invocations
 13509 | D:9      | Reached skill level 15 in Invocations
 14227 | D:9      | Found a burning altar of Makhleb.
 14227 | D:9      | Found a blossoming altar of Fedhas.
 14242 | D:9      | Found an iron altar of Okawaru.
 14247 | D:9      | Found an ornate altar of the Wu Jian Council.
 14249 | D:9      | Found a shimmering blue altar of Sif Muna.
 14254 | D:9      | Found a broken altar of Ashenzari.
 14411 | D:9      | Gained mutation: You are completely covered in icy blue
                  | scales. (AC +4, rC+) [demonic ancestry]
 14411 | D:9      | Reached XP level 11. HP: 86/86 MP: 22/22
 14746 | D:10     | Entered Level 10 of the Dungeon
 15026 | D:10     | Noticed Nergalle
 15054 | D:10     | Killed Nergalle
 15055 | D:10     | Reached skill level 16 in Invocations
 15228 | D:10     | Identified the +5 scimitar "Arbiter" {flame, rPois}
 15518 | D:11     | Reached skill level 7 in Ranged Weapons
 15917 | D:11     | Noticed a two-headed ogre
 15939 | D:11     | Killed a two-headed ogre
 16500 | D:11     | Reached skill level 8 in Ranged Weapons
 16602 | Lair:1   | Entered Level 1 of the Lair of Beasts
 16610 | D:8      | Reached skill level 17 in Invocations
 16688 | Lair:1   | Found a transporter.
 16898 | D:8      | Learned a level 3 spell: Portal Projectile
 17029 | Lair:1   | Reached **** piety under Qazlal
 17030 | Lair:1   | Reached skill level 1 in Translocations
 17318 | Lair:1   | Found a transporter.
 17744 | Lair:2   | Noticed a five-headed hydra
 17753 | Lair:2   | Killed a five-headed hydra
 17754 | Lair:2   | Reached skill level 2 in Translocations
 17757 | Lair:2   | Reached XP level 12. HP: 72/92 MP: 18/24
 17923 | Lair:2   | Reached skill level 5 in Hexes
 18159 | Lair:2   | Reached skill level 5 in Fire Magic
 18160 | Lair:2   | Reached skill level 9 in Ranged Weapons
 18160 | Lair:2   | Reached skill level 3 in Translocations
 18420 | Lair:2   | Found a hole to the Spider Nest.
 18730 | Lair:2   | Reached skill level 6 in Hexes
 18737 | Lair:2   | Reached skill level 4 in Translocations
 19049 | Lair:2   | Reached skill level 6 in Fire Magic
 19233 | Lair:3   | Noticed a boulder beetle
 19247 | Lair:3   | Killed a boulder beetle
 19248 | Lair:3   | Reached skill level 5 in Translocations
 19709 | Lair:3   | Reached skill level 9 in Fighting
 19848 | Lair:3   | Reached skill level 6 in Translocations
 20056 | Lair:3   | Noticed a catoblepas
 20064 | Lair:3   | Killed a catoblepas
 20065 | Lair:3   | Reached skill level 10 in Ranged Weapons
 20065 | Lair:3   | Reached XP level 13. HP: 91/101 MP: 25/25
 20220 | Lair:3   | Found a staircase to the Shoals.
 20741 | Lair:4   | Reached skill level 10 in Fighting
 21011 | Lair:4   | Reached ***** piety under Qazlal
 21375 | Lair:5   | Entered Level 5 of the Lair of Beasts
 21506 | Lair:5   | Reached skill level 11 in Ranged Weapons
 21581 | Lair:5   | Reached skill level 11 in Fighting
 22492 | Lair:5   | Found a staircase to the Slime Pits.
 22580 | Lair:5   | Reached skill level 12 in Ranged Weapons
 22591 | Lair:5   | Reached skill level 12 in Fighting
 22955 | Lair:5   | Reached XP level 14. HP: 106/115 MP: 26/26
 22998 | Lair:5   | Found a large runed translucent door.
 22998 | Lair:5   | Found a large runed translucent door.
 23749 | D:12     | Reached skill level 13 in Ranged Weapons
 23800 | D:12     | Found a staircase to the Orcish Mines.
 24127 | D:12     | Noticed Lodul
 24129 | D:12     | Killed Lodul
 24467 | Orc:1    | Entered Level 1 of the Orcish Mines
 24575 | Orc:1    | Found Ebbonoqy's Magic Scroll Shop.
 24646 | Orc:1    | Found Konk's Antique Armour Shoppe.
 24720 | Orc:1    | Found Dutoreja's Weapon Shoppe.
 25011 | Orc:2    | Entered Level 2 of the Orcish Mines
 25011 | Orc:2    | Noticed Jorgrun
 25078 | Orc:2    | Found a staircase to the Elven Halls.
 25478 | Orc:2    | Reached skill level 2 in Spellcasting
 25719 | Orc:2    | Killed Jorgrun
 25731 | Orc:1    | Slain by an orc high priest

Vanquished Creatures
  Jorgrun (Orc:2)
  3 hydras
  A catoblepas (Lair:3)
  3 two-headed ogres
  A boulder beetle (Lair:3)
  A death yak (Lair:5)
  An orc high priest (Orc:2)
  A skyshark (Lair:3)
  Nergalle (D:10)
  2 fire crabs (Lair:5)
  Lodul (D:12)
  2 deep elf pyromancers (D:12)
  An ugly thing (D:12)
  3 oklob plants (Lair:5)
  An orc sorcerer (Orc:2)
  15 elephants
  8 black mambas
  A merfolk siren (Lair:3)
  3 molten gargoyles (Lair:5)
  12 cane toads
  A gargoyle (D:11)
  2 torpor snails (Lair:5)
  4 rime drakes
  8 komodo dragons
  3 kobold demonologists
  A queen bee (shapeshifter) (D:12)
  A polar bear (Lair:3)
  7 trolls
  13 blink frogs
  A tarantella (Lair:2)
  3 wraiths
  49 yaks
  8 wyverns
  5 basilisks
  2 steam dragons
  4 vampire mosquitoes
  Duvessa (D:7)
  32 water moccasins
  4 hell hounds (Lair:5)
  18 orc warriors
  3 ice beasts
  A sky beast (D:7)
  2 black bears
  14 ogres
  6 wolves
  6 centaurs
  9 kobold brigands
  10 bullfrogs
  4 gnoll sergeants
  5 scorpions
  9 wights
  Dowan (D:7)
  17 killer bees
  3 electric eels
  2 howler monkeys
  5 lava snakes (Lair:5)
  3 jellies
  A wyvern simulacrum (D:8)
  A gnoll bouda (D:9)
  2 hounds
  9 orc priests
  5 iguanas (D:5)
  14 orc wizards
  Robin (D:3)
  20 gnolls
  21 adders
  A river rat (Sewer)
  2 shadow imps
  2 white imps
  An ufetubus (D:4)
  5 worms
  2 dart slugs
  47 orcs
  4 bats
  10 endoplasms
  7 giant cockroaches
  15 goblins
  13 hobgoblins
  5 jackals
  5 quokkas
  6 ball pythons
  4 frilled lizards
  26 kobolds
  16 rats
574 creatures vanquished.

Vanquished Creatures (collateral kills)
  A gnoll bouda (D:7)
  A gnoll (D:7)
2 creatures vanquished.

Vanquished Creatures (others)
  Maggie (D:7)
  A wight (D:7)
  A kobold (D:10)
3 creatures vanquished.

Grand Total: 579 creatures vanquished

Table legend: (Time is in decaauts)
 A = Elapsed time spent in this place.
 B = Non-inter-level travel time spent in this place.
 C = Inter-level travel time spent in this place.
 D = Time resting spent in this place.
 E = Time spent auto-exploring this place.
 F = Levels seen in this place.
 G = Mean time per level.
                   A        B        C        D        E       F      G
               +--------+--------+--------+--------+--------+-----+--------+
         Total |  26575 |  24709 |   1866 |   5501 |  13085 |  21 | 1265.5 |
       Dungeon |  17413 |  16067 |   1346 |   3990 |   7626 |  12 | 1451.1 |
        Temple |     14 |     14 |      0 |      0 |      0 |   1 |   14.0 |
          Lair |   7011 |   6713 |    298 |    856 |   4579 |   5 | 1402.2 |
  Orcish Mines |   1284 |   1063 |    221 |    563 |    320 |   2 |  642.0 |
         Sewer |    851 |    851 |      0 |     91 |    558 |   1 |  851.0 |
               +--------+--------+--------+--------+--------+-----+--------+

Top non-repeatable levels by time:
     D:8: 2746 daAuts
     D:5: 2042 daAuts
     D:2: 1826 daAuts
     D:6: 1817 daAuts
  Lair:5: 1779 daAuts
     D:7: 1742 daAuts
     D:9: 1560 daAuts
  Lair:3: 1513 daAuts
  Lair:2: 1380 daAuts
   Orc:1: 1240 daAuts
     D:4: 1238 daAuts
  Lair:4: 1233 daAuts
  Lair:1: 1103 daAuts
     D:3: 998 daAuts
    D:12: 991 daAuts

Table legend:
 A = Non-vault XP
 B = Vault XP
 C = Vault XP percentage of total XP
 D = Non-vault monster count
 E = Vault monster count
 F = Vault count percentage of total count
                 A         B        C        D         E       F
            +---------+---------+-------+---------+---------+-------
      Total |   60773 |   21367 |  26.0 |     425 |     152 |  26.3
            +---------+---------+-------+---------+---------+-------
        D:1 |      48 |       0 |   0.0 |      27 |       0 |   0.0
        D:2 |     122 |       2 |   1.6 |      30 |       1 |   3.2
        D:3 |     155 |      34 |  18.0 |      16 |      10 |  38.5
        D:4 |     188 |      10 |   5.1 |      13 |       5 |  27.8
        D:5 |     706 |       0 |   0.0 |      16 |       0 |   0.0
        D:6 |     501 |       0 |   0.0 |      11 |       0 |   0.0
        D:7 |    1031 |     222 |  17.7 |      27 |       2 |   6.9
        D:8 |    4349 |     541 |  11.1 |      50 |       5 |   9.1
        D:9 |    3340 |       0 |   0.0 |      32 |       0 |   0.0
       D:10 |    1605 |     767 |  32.3 |      15 |       1 |   6.2
       D:11 |    3832 |       0 |   0.0 |      16 |       0 |   0.0
       D:12 |    5976 |    3088 |  34.1 |      20 |      27 |  57.4
     Lair:1 |    2663 |       0 |   0.0 |      10 |       0 |   0.0
     Lair:2 |    6633 |    2961 |  30.9 |      20 |      28 |  58.3
     Lair:3 |    7864 |    1408 |  15.2 |      24 |       5 |  17.2
     Lair:4 |    6412 |     403 |   5.9 |      22 |       2 |   8.3
     Lair:5 |   12818 |    7766 |  37.7 |      41 |      26 |  38.8
      Orc:1 |    1765 |     442 |  20.0 |      21 |       4 |  16.0
      Orc:2 |     765 |    3524 |  82.2 |      14 |      14 |  50.0
      Sewer |       0 |     199 | 100.0 |       0 |      22 | 100.0
            +---------+---------+-------+---------+---------+-------
